AoeStats
← Leão

Arabia

503714476Analyzed
1v1 RM · 1mo ago on Sep 1, 2026· 53m 47s· 2 players
Game mode
Random Map
Map size
Tiny (2 player)
Population
200
Speed
Normal
Resources
Standard
Victory
Conquest
Starting age
Dark Age
Ending age
Imperial Age
RankedLock teamsTeams togetherTeam positionsShared explorationLock speedFull tech treeHidden civsTurbo modeCheats
Victory
Defeat
🇧🇷 Magyars · Brazil
1262
+17
🇲🇽 Hindustanis · Mexico
1286
-17
Leão
7:06 Loom
9:33 Feudal Age
11:27 Wheelbarrow
11:24 Double-Bit Axe
17:33 Fletching
23:41 Castle Age
22:32 Horse Collar
23:05 Gold Mining
24:28 Bodkin Arrow
24:54 Bow Saw
26:16 Bloodlines
27:32 Husbandry
28:39 Padded Archer Armor
29:00 Hand Cart
30:57 Thumb Ring
30:44 Light Cavalry
34:02 Ballistics
34:22 Stone Mining
36:22 Scale Barding Armor
38:28 Gold Shaft Mining
39:07 Town Watch
45:22 Imperial Age
43:03 Corvinian Army
46:11 Chain Barding Armor
46:07 Leather Archer Armor
45:27 Hussar
46:34 Parthian Tactics
46:56 Bracer
48:02 Plate Barding Armor
48:15 Conscription
47:55 Recurve Bow
48:24 Heavy Cavalry Archer
51:13 Two-Man Saw
50:14 Heavy Plow
52:15 Conscription
53:43 Recurve Bow
bayruZ
3:00 Loom
9:51 Feudal Age
10:23 Double-Bit Axe
11:42 Town Watch
17:04 Fletching
17:15 Padded Archer Armor
19:44 Horse Collar
25:06 Castle Age
24:13 Scale Barding Armor
24:19 Forging
24:30 Gold Mining
25:29 Bloodlines
26:08 Husbandry
25:45 Elite Skirmisher
27:58 Bodkin Arrow
29:14 Iron Casting
32:39 Light Cavalry
34:28 Leather Archer Armor
35:07 Pikeman
35:47 Squires
35:48 Scale Mail Armor
36:43 Wheelbarrow
36:25 Bow Saw
36:19 Heavy Plow
37:41 Chain Mail Armor
39:49 Chain Barding Armor
40:00 Ballistics
41:07 Hand Cart
44:29 Imperial Age
46:36 Town Patrol
48:08 Blast Furnace
47:09 Bracer
48:37 Ring Archer Armor
52:30 Chemistry
Connection lost

Rejoining the realm…

Still unreachable

The connection could not be restored.

Session expired

The server has moved on; the page needs a fresh start.